 Dungeon Crawl Stone Soup version 0.31-a0-851-g7ff8af7976 (webtiles) character file.

Game seed: 13415708093766118913

5350 LeprechaunX the Mimic (level 10, -5/71 HPs)
             Began as an Octopode Shapeshifter on Oct 6, 2023.
             Was an Elder of Hepliaklqana.
             Slain by an orc warrior
             ... wielding a +0 halberd
              (15 damage)
             ... in a bailey.
             The game lasted 00:14:45 (8559 turns).

LeprechaunX the Mimic (Octopode Shapeshifter)       Turns: 8559, Time: 00:14:45

Health: -5/71      AC:  5    Str: 17    XL:     10   Next: 65%
Magic:  13/13      EV: 15    Int: 14    God:    Hepliaklqana [****..]
Gold:   611        SH:  0    Dex: 17    Spells: 9/9 levels left

rFire   + .          .
                       - Unarmed
rCold   . . .        (no shield)
rNeg    + + .        (helmet restricted)
rPois   .            G - amulet of the acrobat
rElec   .            g - ring of protection from fire
rCorr   .            l - +4 ring of protection
SInv    .            m - +6 ring of dexterity
Will    .....        u - ring of positive energy
Stlth   +++          x - ring of positive energy
HPRegen 0.31/turn    (no ring)
MPRegen 0.13/turn    (no ring)
                     (no ring)

%: acrobat
@: maw-form
A: devouring maw, reduced essence, almost no armour, amphibious, 8 rings,
camouflage 1, gelatinous body 1, (nimble swimmer 1), tentacles, robust 1, noise
suppression
a: Begin Untransformation, Renounce Religion, Recall Ancestor, Ancestor
Identity, Transference, Idealise


You were in a bailey.
You worshipped Hepliaklqana.
Hepliaklqana was greatly pleased with you.
You were a creature with a mouth for a stomach.
You visited 2 branches of the dungeon, and saw 11 of its levels.
You also visited: Bailey.

You collected 611 gold pieces.

Inventory:

Hand Weapons
 a - a +0 shortbow
 A - a +0 sling
Jewellery
 g - a ring of protection from fire (left tentacle)
 l - a +4 ring of protection (right tentacle)
 m - a +6 ring of dexterity (on tentacle)
 u - a ring of positive energy (on tentacle)
 x - a ring of positive energy (on tentacle)
 y - an amulet of faith
 G - an amulet of the acrobat (around mantle)
 I - a +6 ring of intelligence
Talismans
 b - a beast talisman
 c - a flux talisman
 D - a maw talisman (active)
Wands
 r - a wand of flame (47)
 z - a wand of polymorph (7)
 F - a wand of mindburst (4)
Scrolls
 f - 2 scrolls of teleportation {unknown}
 i - 10 scrolls of identify {unknown}
 j - 3 scrolls of enchant armour {unknown}
 n - a scroll of fear {unknown}
 o - a scroll of torment {unknown}
 q - 3 scrolls of summoning {unknown}
 s - a scroll of vulnerability {unknown}
 v - a scroll of immolation {unknown}
 B - a scroll of blinking {unknown}
 C - a scroll of silence {unknown}
 E - a scroll of poison {unknown}
 H - a scroll of amnesia {unknown}
Potions
 d - 6 potions of curing
 e - 2 potions of haste {unknown}
 h - 3 potions of brilliance {unknown}
 k - 3 potions of lignification
 p - 3 potions of mutation
 t - a potion of degeneration {unknown}
 w - 2 potions of might {unknown}
 J - a potion of heal wounds {unknown}
 K - 3 potions of cancellation {unknown}
 L - a potion of invisibility {unknown}
 M - a potion of resistance {unknown}
 N - a potion of magic {unknown}


   Skills:
 + Level 7.5 Fighting
 - Level 5.0 Dodging
 - Level 6.0 Unarmed Combat
 - Level 5.0 Invocations
 * Level 10.3 Shapeshifting


You had 9 spell levels left.
You didn't know any spells.
Your spell library contained the following spells:

 Spells                   Type           Power      Damage    Failure   Level
 Freeze                   Ice            0%         1d3       28%         1
 Shock                    Conj/Air       0%         1d3       28%         1
 Blink                    Tloc           0%         N/A       41%         2
 Cigotuvi's Dreadful Rot  Necr/Pois/Air  0%         N/A       41%         2
 Lesser Beckoning         Tloc           0%         N/A       41%         2
 Momentum Strike          Conj/Tloc      0%         3d8       41%         2
 Static Discharge         Conj/Air       0%         2-2/arc   41%         2
 Sublimation of Blood     Necr           0%         N/A       41%         2
 Wereblood                Tmut           0%         N/A       41%         2
 Dazzling Flash           Conj/Hex       0%         N/A       65%         3
 Frozen Ramparts          Ice            0%         1d1       65%         3
 Hailstorm                Conj/Ice       0%         3d3       65%         3
 Ignite Poison            Fire/Tmut/Pois 0%         N/A       65%         3
 Stone Arrow              Conj/Erth      0%         3d7       65%         3
 Swiftness                Air            0%         N/A       65%         3
 Airstrike                Air            0%         2d(0-16)  96%         4
 Summon Lightning Spire   Summ/Air       0%         N/A       96%         4
 Agony                    Necr           0%         N/A       100%        5
 Freezing Cloud           Conj/Ice/Air   0%         6-21      100%        5
 Silence                  Hex/Air        0%         N/A       100%        5
 Summon Hydra             Summ           0%         N/A       100%        7
 Lehudib's Crystal Spear  Conj/Erth      0%         10d2      100%        8
 Animate Armour           Summ/Erth      Unusable   N/A       N/A         4

Dungeon Overview and Level Annotations

Branches:
Dungeon (10/15)            Temple (1/1) D:4            Lair (0/5) D:8
 Bailey (1/1)
    Orc: D:9-12

Altars:
Ashenzari
Cheibriados
Dithmenos
Elyvilon
Fedhas
Gozag
Hepliaklqana
Kikubaaqudgha
Makhleb
Okawaru
Qazlal
Ru
Sif Muna
Uskayaw
Xom
Yredelemnul
Zin
The Shining One

Shops:
D:3 *   D:4 **((?   D:7 ==


Innate Abilities, Weirdness & Mutations

You are a creature with a mouth for a stomach.
Your midsection houses a second, enormous mouth.
Your life essence is reduced to manifest your ancestor. (-10% HP)
You cannot wear most types of armour.
You are amphibious.
You can wear up to eight rings at the same time.
Your skin changes colour to match your surroundings (Stealth+).
Your rubbery body absorbs attacks. (AC +1, EV +1)
((You are camouflaged when in or above water. (Stealth+)))
You have tentacles for arms and can constrict up to eight enemies at once.
You are robust. (+10% HP)
You passively dampen the noise of your surroundings.


Message History

Things that are here:
a +0 spear; a +0 scale mail
There is an open door here.
Things that are here:
a +0 halberd; a +0 scale mail The orc knight roars a battlecry!
The orcs go into a battle-frenzy!
The orc knight roars a battlecry!
The orc knight goes into a battle-frenzy!
You are now empty-tentacled.
The orc completely misses you.
You tentacle-slap the orc.
You kill the orc!
The orc knight no longer looks unusually strong.
The orc knight roars a battlecry!
The orc knight goes into a battle-frenzy!
Unknown command.
The orc knight attacks as it pursues you!
The orc knight completely misses you.
There is an open door here.
The orc knight attacks as it pursues you!
The orc knight completely misses you.
The orc knight attacks as it pursues you!
The orc knight completely misses you.
The orc knight attacks as it pursues you!
The orc knight completely misses you.
Things that are here:
a +0 halberd; a +0 chain mail
Items here: )))) [ ÷.
The orc knight hits you with a +0 halberd!!!
Ouch! That really hurt!
* * * LOW HITPOINT WARNING * * *
The orc warrior completely misses you.
The orc knight hits you from afar with a +0 halberd.
* * * LOW HITPOINT WARNING * * *
It was a potion of mutation.
You feel extremely strange.
You feel robust.
You feel your surroundings grow quieter.
The orc warrior hits you from afar with a +0 halberd!
You die...

####### ############
##.....## ##...))...∩.##
#...).).######....)#......#
'...##.)#....#....###.....#
'....8.)).)..'..o.o8.....∩#
'...##.)#)...#....###.....#
#...o...######..W.o#......#
##...o.## ##........∩.##
####### ############


You could see 2 orc knights and an orc warrior.

Vanquished Creatures
  Pikel (D:8)
  2 trolls
  Sigmund (D:5)
  A wraith (D:10)
  4 yaks (D:8)
  A wyvern (D:9)
  A water moccasin (D:8)
  A sky beast (D:7)
  4 orc warriors
  An ice beast (D:7)
  A black bear (D:5)
  4 wolves (D:8)
  A centaur (D:8)
  A lemure (D:8)
  2 bullfrogs
  A scorpion (D:5)
  3 killer bees (D:8)
  An electric eel (D:8)
  5 howler monkeys
  4 crimson imps (D:3)
  6 hounds
  2 gnoll boudas
  An orc priest (D:9)
  3 sleepcaps
  Terence (D:3)
  A hexer (D:8)
  3 iguanas
  3 orc wizards
  10 gnolls
  12 adders
  A shadow imp (D:7)
  An ufetubus (D:4)
  2 dart slugs
  5 worms
  32 orcs
  4 ball pythons
  5 bats
  An endoplasm (D:4)
  3 giant cockroaches
  5 goblins
  5 hobgoblins
  8 jackals
  13 kobolds
  2 quokkas
  7 frilled lizards
  9 rats
185 creatures vanquished.

Vanquished Creatures (collateral kills)
  A wraith (D:9)
  Grum (D:8)
  A bullfrog (D:9)
  A killer bee (D:8)
  An electric eel (D:8)
  2 hounds (D:8)
  2 orc priests
  2 jellies
  A sleepcap (D:5)
  An orc wizard (D:9)
  A gnoll (D:6)
  2 white imps
  14 orcs
30 creatures vanquished.

Vanquished Creatures (others)
  2 hexers
2 creatures vanquished.

Grand Total: 217 creatures vanquished

Notes
Turn   | Place    | Note
-------+----------+-------------------------------------------
     0 | D:1      | LeprechaunX the Octopode Shapeshifter began the quest for
                  | the Orb.
     0 | D:1      | Reached XP level 1. HP: 13/13 MP: 1/1
   176 | D:1      | Reached XP level 2. HP: 18/18 MP: 2/2
   900 | D:1      | Reached XP level 3. HP: 23/23 MP: 3/3
  1046 | D:2      | Found an iron altar of Okawaru.
  1308 | D:2      | Reached XP level 4. HP: 29/29 MP: 4/4
  1721 | D:3      | Reached skill level 4 in Shapeshifting
  1721 | D:3      | Reached XP level 5. HP: 28/34 MP: 5/5
  1827 | D:3      | Found a shimmering altar of Xom.
  1862 | D:3      | Reached XP level 6. HP: 28/41 MP: 2/6
  2095 | D:3      | Found Allurhua's Assorted Antiques.
  2176 | D:3      | Found an iron altar of Okawaru.
  2237 | D:3      | Found a shadowy altar of Dithmenos.
  2321 | D:3      | Noticed Terence
  2328 | D:3      | Killed Terence
  2398 | D:3      | Reached skill level 5 in Shapeshifting
  2582 | D:4      | Found a staircase to the Ecumenical Temple.
  2627 | Temple   | Entered the Ecumenical Temple
  2643 | Temple   | Became a worshipper of Hepliaklqana the Forgotten
  2740 | D:4      | Found Haugg's Magic Scroll Shoppe.
  2849 | D:4      | Found a broken altar of Ashenzari.
  2856 | D:4      | Reached XP level 7. HP: 44/46 MP: 7/7
  3030 | D:4      | Found Rosann's Weapon Boutique.
  3247 | D:4      | Found Pyil's Assorted Antiques.
  3250 | D:4      | Found Ekulam's General Store.
  3266 | D:4      | Found Teumoac's Weapon Emporium.
  3397 | D:4      | Reached * piety under Hepliaklqana
  3549 | D:5      | Entered Level 5 of the Dungeon
  3557 | D:5      | Reached skill level 1 in Invocations
  4193 | D:5      | Noticed Sigmund
  4200 | D:5      | Killed Sigmund
  4201 | D:5      | Reached XP level 8. HP: 48/48 MP: 9/9
  4232 | D:5      | Reached skill level 6 in Shapeshifting
  4326 | D:5      | Reached skill level 5 in Unarmed Combat
  4521 | D:5      | Reached ** piety under Hepliaklqana
  4522 | D:5      | Remembered your ancestor Amurritum as a hexer
  4605 | D:5      | Found a basalt altar of Yredelemnul.
  5027 | D:6      | Noticed a troll
  5039 | D:6      | Killed a troll
  5591 | D:7      | Found Kuch's One-of-a-Kind Rings.
  5712 | D:7      | Reached XP level 9. HP: 53/53 MP: 11/11
  5737 | D:7      | Reached skill level 5 in Dodging
  5747 | D:7      | Reached skill level 7 in Shapeshifting
  5775 | D:7      | Found Qywov's Jewellery Boutique.
  5814 | D:7      | Reached *** piety under Hepliaklqana
  6191 | D:8      | Noticed a troll
  6209 | D:8      | Reached skill level 5 in Fighting
  6217 | D:8      | Killed a troll
  6249 | D:8      | HP: 1/54 [electric eel/bolt of electricity (10)]
  6448 | D:8      | Found a staircase to the Lair.
  6467 | D:8      | Noticed Grum
  6483 | D:8      | Killed Grum
  6494 | D:8      | Reached skill level 8 in Shapeshifting
  6619 | D:8      | Noticed Pikel
  6633 | D:8      | Killed Pikel
  6634 | D:8      | Reached skill level 5 in Invocations
  6641 | D:8      | Reached XP level 10. HP: 34/61 MP: 13/13
  6760 | D:8      | Reached skill level 9 in Shapeshifting
  7667 | D:9      | Reached skill level 10 in Shapeshifting
  8040 | D:10     | Entered Level 10 of the Dungeon
  8227 | D:10     | Found a flagged portal.
  8239 | Bailey   | Entered a bailey
  8476 | Bailey   | Reached **** piety under Hepliaklqana
  8515 | Bailey   | Noticed an orc knight
  8515 | Bailey   | Noticed an orc knight
  8559 | Bailey   | Gained mutation: You are robust. (+10% HP) [potion of
                  | mutation]
  8559 | Bailey   | Gained mutation: You passively dampen the noise of your
                  | surroundings. [potion of mutation]
  8559 | Bailey   | Slain by an orc warrior

Illustrated notes

Levels and vault maps discovered:
D:1:      minmay_arrival_semitransparent, layout_basic, serial_rivers,
          chequers_serial_rivers_small_b, chequers_serial_rivers_room_b,
          chequers_serial_rivers_micro_e, chequers_serial_rivers_micro_a
D:2:      layout_rooms, basic_altar, st_stairs_11, minmay_quantized
D:3:      layout_basic, grunt_dithmenos_smoke_and_mirrors, led_xom_imps,
          nicolae_overflow_crystal_walls, serial_shops, shop,
          hangedman_decor_slide_cut, lexackson_kobold_supper, uniq_terence
D:4:      layout_basic, mainiacjoe_overflow_tiny_flanked,
          minmay_temple_entry_mini_moons, serial_shops, nicolae_shop_crystal,
          shop, nicolae_shop_tiny_glass, shop, shop, minmay_surrounded
D:5:      layout_layer_cave, mainiacjoe_overflow_six_doors_small, uniq_sigmund
D:6:      layout_basic
D:7:      layout_cave_pools, serial_rivers, chequers_serial_rivers_room_a,
          chequers_serial_rivers_micro_c, chequers_serial_rivers_room_a,
          chequers_serial_rivers_large_a, chequers_serial_rivers_micro_e,
          serial_shops, shop, nicolae_shop_unique_rings
D:8:      layout_basic, erik_lair_island, uniq_pikel, uniq_grum
D:9:      layout_rooms, serial_aquarium, aquarium_bridge_square
          [aquarium_subvault_balcony, aquarium_subvault_bridge,
          aquarium_subvault_window, aquarium_subvault_wall], aquarium_window_2,
          aquarium_window_1, aquarium_view_2f, aquarium_view_2c
D:10:     layout_basic, nicolae_overflow_hidden_temple,
          kennysheep_orc_monster_closet_entryway, enter_bailey_2
Temple:   dshaligram_water_room_temple
Bailey:   bailey_polearm_5, bailey

Skill      XL: |  1  2  3  4  5  6  7  8  9 10 |
---------------+-------------------------------+-----
Fighting       | 2 3 4 6 7 |  7.5
Shapeshifting  | 4 5 6 8 10 | 10.3
Dodging        | 3 4 5 |  5.0
Unarmed Combat | 4 5 6 |  6.0
Invocations    | 2 3 5 |  5.0

Action                     |  1- 3 |  4- 6 |  7- 9 | 10-12 || total
---------------------------+-------+-------+-------+-------++-------
  Melee: Unarmed           |    59 |   114 |   165 |   108 ||   446
         Constrict         |    17 |    39 |    45 |    23 ||   124
         Tentacles         |    12 |    18 |    51 |    21 ||   102
         Punch             |     1 |     2 |     4 |     5 ||    12
         Maw               |       |       |       |    12 ||    12
   Fire: Sling             |       |       |    14 |       ||    14
         Shortbow          |       |       |       |    12 ||    12
 Invoke: Ancestor Life: He |       |       |     1 |       ||     1
         Recall Ancestor   |       |       |     3 |     3 ||     6
    Use: Potion            |       |       |     1 |     1 ||     2
   Stab: Sleeping          |    10 |     2 |     4 |       ||    16
         Distracted        |       |       |     5 |     2 ||     7
         Confused          |       |       |     2 |     4 ||     6
 Armour: Skin              |    16 |    53 |    77 |    54 ||   200
  Dodge: Dodged            |    33 |    67 |   118 |   115 ||   333
   Form: Maw               |       |       |       |     1 ||     1

Table legend: (Time is in decaauts)
 A = Elapsed time spent in this place.
 B = Non-inter-level travel time spent in this place.
 C = Inter-level travel time spent in this place.
 D = Time resting spent in this place.
 E = Time spent auto-exploring this place.
 F = Levels seen in this place.
 G = Mean time per level.
                   A        B        C        D        E       F      G
               +--------+--------+--------+--------+--------+-----+--------+
         Total |   8525 |   8084 |    441 |    316 |   6379 |  12 |  710.4 |
       Dungeon |   8172 |   7761 |    411 |    150 |   6379 |  10 |  817.2 |
        Temple |     32 |      2 |     30 |      0 |      0 |   1 |   32.0 |
        Bailey |    320 |    320 |      0 |    166 |      0 |   1 |  320.0 |
               +--------+--------+--------+--------+--------+-----+--------+

Top non-repeatable levels by time:
     D:8: 1319 daAuts
     D:5: 1288 daAuts
     D:1: 1034 daAuts
     D:4: 933 daAuts
     D:3: 860 daAuts
     D:6: 673 daAuts
     D:2: 671 daAuts
     D:7: 644 daAuts
     D:9: 548 daAuts
  Bailey: 320 daAuts
    D:10: 198 daAuts
  Temple: 32 daAuts
